Map: Undercurrent LE

Players

LazyWaste

  • Race: Protoss Protoss
  • Spawn Location: 7:00

Tanggo

  • Race: Zerg Zerg
  • Spawn Location: 7:00

Nitrate - Winner!

  • Race: Protoss Protoss
  • League: Gold
  • Spawn Location: 3:00

Вагнер - Winner!

  • Race: Terran Terran
  • Spawn Location: 1:00

VOD

Have the link to the VOD?

Description

Time

  • Played on: Feb. 25, 2026, 2:44 p.m.
  • Length: 9:58
Show
View Real Time Build Order
Export as new Build Order

LazyWaste Protoss 

Build Orders: Blink Stalkers 

Get SALT Encoding   

  12  0:01  Probe  
  13  0:15  Pylon  
  13  0:18  Probe  
  14  0:27  Probe  
  14  0:32  Assimilator  
  15  0:35  Probe  
  16  0:44  Gateway, Probe  
  17  0:57  Probe  
  18  1:09  Probe  
  19  1:21  Probe  
  20  1:31  Zealot  
  22  1:37  Cybernetics Core  
  22  1:40  Pylon  
  22  1:47  Probe  
  23  1:57  Warp Gate  
  23  2:12  Stalker  
  23  2:15  Nexus  
  25  2:31  Twilight Council  
  25  2:33  Assimilator  
  25  2:41  Probe  
  26  2:53  Probe  
  26  2:57  Stalker  
  27  3:00  Blink  
  27  3:05  Assimilator  
  29  3:06  Pylon  
  29  3:10  Pylon  
  29  3:19  Assimilator  
  29  3:31  Gateway  
  29  3:49  Probe  
  30  3:56  Probe  
  30  3:57  Pylon  
  30  4:02  Probe  
  32  4:08  Probe  
  33  4:14  Probe  
  34  4:18  Probe  
  34  4:20  Gateway  
  34  4:21  Gateway  
  35  4:26  Probe x2  
  37  4:34  Probe  
  38  4:46  Probe  
  38  4:50  Probe  
  40  4:57  Stalker  
  40  4:58  Stalker, Probe  
  45  5:02  Probe, Forge  
  45  5:05  Forge  
  46  5:10  Probe  
  47  5:14  Probe  
  48  5:23  Probe  
  48  5:24  Stalker x3  
  48  5:26  Sentry, Probe  
  58  5:35  Probe  
  59  5:36  Robotics Facility  
  59  5:38  Protoss Ground Weapons Level 1  
  59  5:39  Gateway  
  59  5:40  Protoss Ground Armor Level 1  
  59  5:57  Pylon  
  59  6:04  Probe  
  59  6:08  Pylon  
  60  6:12  Stalker x3  
  60  6:14  Sentry  
  60  6:16  Probe  
  69  6:26  Pylon  
  69  6:28  Probe  
  69  6:32  Nexus  
  70  6:45  Stalker x3  
  58  7:26  Stalker  
  58  7:27  Stalker x4  
  48  7:53  Stalker x2  
  48  7:54  Stalker x3  
  54  8:01  Gateway  
  54  8:03  Gateway  
  54  8:06  Gateway  
  54  8:09  Gateway  
  44  8:14  Gateway  
  44  8:19  Stalker x4  
  52  8:20  Zealot  
  54  8:44  Stalker x5  
  64  8:57  Stalker  
  64  8:58  Stalker  
  64  9:00  Gateway  
  68  9:08  Stalker  
  68  9:09  Stalker x4  
  72  9:25  Stalker x4  
  54  9:46  Zealot x2, Stalker x3  
Show
View Real Time Build Order
Export as new Build Order

Tanggo Zerg 

Build Orders: Pool First 

Get SALT Encoding   

  12  0:01  Drone  
  13  0:13  Overlord  
  13  0:21  Drone  
  14  0:29  Extractor  
  14  0:30  Drone  
  14  0:38  Drone  
  15  0:49  Spawning Pool  
  14  0:53  Drone  
  14  0:55  Drone  
  16  1:05  Drone  
  17  1:36  Queen  
  17  1:37  Hatchery  
  18  1:45  Drone  
  18  1:46  Drone  
  20  1:51  Metabolic Boost  
  20  1:55  Drone  
  21  2:02  Overlord  
  21  2:19  Zergling x2  
  22  2:30  Lair  
  22  2:31  Zergling x4  
  24  2:48  Extractor  
  24  2:50  Zergling x2  
  25  2:51  Zergling x6  
  27  2:59  Queen  
  27  3:01  Drone x2  
  27  3:02  Zergling x2  
  32  3:18  Drone x2  
  32  3:19  Zergling x4  
  36  3:20  Overlord  
  36  3:29  Overlord  
  36  3:44  Zergling x2  
  36  3:45  Zergling x4  
  36  3:46  Drone  
  36  3:48  Overlord  
  40  4:04  Spore Crawler  
  39  4:19  Zergling x4, Drone x2  
  39  4:20  Drone x3  
  42  4:41  Zergling x2  
  42  4:42  Zergling x4, Drone x2  
  42  4:43  Drone x2  
  40  5:07  Roach Warren  
  40  5:11  Baneling Nest  
  38  5:20  Spine Crawler  
  37  5:26  Zergling x8, Drone  
  37  5:27  Overlord  
  42  6:08  Roach x7  
  42  6:09  Roach x2  
  42  6:10  Centrifugal Hooks  
  60  6:12  Glial Reconstitution  
  60  6:13  Hatchery  
  59  6:20  Drone x2  
  61  6:30  Evolution Chamber  
  61  6:31  Drone x2  
  62  6:33  Evolution Chamber  
  62  6:36  Extractor  
  60  6:40  Queen  
  62  6:50  Drone x4  
  62  6:51  Roach  
  62  6:53  Overlord  
  68  6:54  Overlord  
  59  7:13  Zergling x4, Roach x3  
  49  7:24  Roach  
  49  7:25  Roach  
  45  7:45  Roach x3  
  47  7:59  Roach x4  
  47  8:00  Roach x4  
  50  8:13  Roach  
  50  8:14  Roach  
  44  8:33  Hatchery  
  18  8:49  Roach x3  
  24  9:13  Roach  
  24  9:14  Roach  
  28  9:24  Roach x2  
Show
View Real Time Build Order
Export as new Build Order

Nitrate Protoss - Winner!

Build Orders: 1 Gate Expand 

Get SALT Encoding   

  12  0:00  Probe  
  13  0:12  Probe  
  14  0:17  Pylon  
  14  0:24  Probe  
  15  0:37  Probe  
  15  0:40  Gateway  
  16  0:45  Probe  
  16  0:46  Assimilator  
  17  0:54  Probe  
  17  1:03  Probe  
  19  1:11  Probe  
  20  1:19  Probe  
  21  1:34  Nexus  
  21  1:42  Probe  
  22  1:50  Cybernetics Core  
  22  1:53  Assimilator  
  22  2:01  Pylon  
  22  2:02  Probe  
  23  2:11  Warp Gate  
  23  2:19  Probe  
  24  2:31  Probe  
  24  2:32  Stalker  
  27  2:43  Probe  
  28  2:55  Probe  
  28  2:59  Probe  
  28  3:00  Stalker, Gateway  
  31  3:07  Probe  
  32  3:16  Gateway  
  32  3:17  Probe  
  32  3:19  Probe  
  34  3:26  Pylon  
  30  3:27  Stalker  
  34  3:29  Probe  
  37  3:43  Probe  
  36  3:49  Probe  
  36  3:50  Twilight Council  
  36  3:52  Assimilator  
  36  3:54  Assimilator  
  36  3:55  Probe  
  38  4:01  Probe  
  39  4:03  Forge  
  39  4:06  Stalker x2  
  39  4:07  Probe  
  44  4:12  Pylon  
  44  4:13  Probe  
  44  4:16  Stalker  
  47  4:19  Probe  
  48  4:31  Probe  
  48  4:36  Charge  
  42  4:44  Protoss Ground Weapons Level 1  
  35  4:58  Probe x2  
  37  5:03  Stalker x3  
  43  5:10  Probe x2  
  45  5:22  Probe x2  
  47  5:34  Zealot x2, Probe x2  
  53  5:46  Zealot, Probe x2  
  57  5:53  Pylon  
  57  5:58  Probe x2  
  57  6:02  Robotics Facility  
  59  6:05  Photon Cannon  
  59  6:16  Pylon, Zealot x2  
  63  6:24  Probe x2  
  65  6:35  Zealot  
  65  6:36  Probe  
  68  6:45  Blink, Gateway  
  68  6:46  Gateway  
  68  6:54  Warp Prism  
  52  7:39  Zealot x3  
  52  7:42  Zealot  
  52  7:43  Zealot  
  62  7:58  Immortal  
  66  8:16  Zealot x5  
  66  8:17  Probe x2  
  76  8:22  Photon Cannon  
  74  8:29  Probe x2  
  76  8:40  Nexus  
  76  8:42  Pylon  
  76  8:44  Zealot  
  76  8:47  Pylon  
  78  8:51  Pylon  
  78  8:57  Immortal  
  78  9:07  Zealot x2  
  78  9:08  Stalker  
  78  9:09  Stalker x2  
  92  9:19  Probe x2  
  92  9:24  Assimilator  
  92  9:29  Assimilator  
  92  9:31  Probe x2  
  94  9:37  Stalker x5  
  100  9:43  Probe  
  99  9:51  Templar Archives  
  101  9:55  Robotics Bay  
Show
View Real Time Build Order
Export as new Build Order

Вагнер Terran - Winner!

Build Orders:  

Get SALT Encoding   

  12  0:00  SCV  
  13  0:12  SCV  
  14  0:22  Supply Depot  
  14  0:24  SCV  
  15  0:31  Refinery  
  15  0:45  Barracks  
  15  0:49  SCV  
  16  0:57  Supply Depot  
  16  1:02  SCV  
  17  1:14  SCV  
  18  1:26  SCV  
  19  1:34  Barracks  
  19  1:40  Factory, SCV  
  19  1:41  Marine  
  21  1:52  Orbital Command  
  21  1:59  Marine  
  22  2:05  Supply Depot  
  22  2:18  SCV  
  23  2:24  Engineering Bay  
  23  2:26  Factory Tech Lab  
  23  2:27  Barracks Tech Lab  
  23  2:32  Marine  
  23  2:33  Refinery  
  24  2:40  SCV  
  25  2:47  Starport  
  25  2:48  Marauder  
  27  2:57  SCV  
  28  3:01  Missile Turret  
  28  3:14  Siege Tank  
  31  3:20  Marine  
  31  3:23  Marauder  
  34  3:40  Barracks Reactor  
  34  3:46  Medivac  
  36  3:48  Marine  
  36  3:52  Command Center  
  37  4:02  Armory  
  37  4:15  Terran Infantry Weapons Level 1  
  37  4:19  Marine x2  
  39  4:29  Supply Depot, Marauder  
  41  4:32  Supply Depot  
  41  4:37  Marine x2  
  40  4:50  Marine  
  41  4:54  Marine  
  42  5:00  Marine  
  42  5:05  Siege Tank  
  46  5:08  Marauder  
  46  5:13  Planetary Fortress  
  48  5:19  Missile Turret  
  48  5:22  Marine  
  49  5:32  Concussive Shells  
  49  5:34  Starport Reactor  
  49  5:47  SCV  
  50  5:52  SCV  
  50  5:56  Refinery  
  51  5:59  SCV  
  51  6:01  Marine x2  
  54  6:04  SCV  
  54  6:07  Terran Vehicle Weapons Level 1  
  55  6:11  SCV  
  56  6:23  SCV x2  
  58  6:26  Refinery  
  58  6:28  Marine  
  59  6:35  Marine x2  
  59  6:36  SCV  
  62  6:41  Siege Tank  
  62  6:45  Medivac  
  67  6:48  SCV  
  68  7:00  SCV  
  69  7:08  Marine x2, Marauder  
  72  7:12  SCV  
  72  7:14  Siege Tank  
  69  7:29  Marauder  
  70  7:36  Marine  
  70  7:37  Marine  
  66  7:46  Siege Tank  
  66  7:51  Marauder  
  67  7:54  Marine  
  67  7:55  Marine  
  64  8:12  Marine, Marauder  
  67  8:13  Marine  
  67  8:18  Siege Tank  
  71  8:25  SCV  
  72  8:30  Marine  
  72  8:31  Marine  
  72  8:34  Marauder  
  72  8:37  SCV  
  73  8:48  Marine x2  
  74  8:49  SCV  
  74  8:51  Medivac  
  78  9:01  Medivac, Marauder  
  82  9:02  Supply Depot  
  82  9:03  Supply Depot  
  82  9:05  Marine  
  77  9:19  Marine  
  77  9:22  Marauder  
  77  9:23  Marine  
  79  9:30  Widow Mine  
  78  9:37  Marine  
  71  9:49  Barracks  
Tags
 
Add a new tag
Caveats
  • Supply blocks, unpowered buildings, or Contaminate may cause inaccurate times.
  • Supply counts are checked every 10 seconds.